 Dungeon Crawl Stone Soup version 0.28-a0-1344-g6b9ff3a05d (webtiles) character file.

Game seed: 17646072316340006212

6607 Deminshera the Sharpshooter (level 11, 0/64 HPs)
             Began as a Kobold Hunter on Dec 29, 2021.
             Was an Elder of Okawaru.
             Slain by a yak (11 damage)
             ... on level 9 of the Dungeon.
             The game lasted 00:24:50 (14151 turns).

Deminshera the Sharpshooter (Kobold Hunter)        Turns: 14151, Time: 00:24:51

Health: 0/64       AC:  8    Str: 14    XL:     11   Next: 21%
Magic:  0/17       EV: 13    Int: 12    God:    Okawaru [****..]
Gold:   141        SH:  0    Dex: 16    Spells: 10/10 levels left

rFire   . . .      SeeInvis +   a - +7 arbalest (vorpal)
rCold   . . .      Faith    .   (shield currently unavailable)
rNeg    + . .      Spirit   +   c - +1 ring mail {Will+}
rPois   +          Reflect  .   (no helmet)
rElec   .          Harm     .   k - +1 cloak {rPois}
rCorr   .          Rampage  .   (no gloves)
Will    +....                   (no boots)
Stlth   +++.......              i - amulet of guardian spirit
HPRegen 0.20/turn               j - ring of see invisible
MPRegen 0.15/turn               s - ring of positive energy

@: no status effects
A: small, no large weapons, nightstalker 3
a: Renounce Religion, Heroism, Finesse


You were on level 9 of the Dungeon.
You worshipped Okawaru.
Okawaru was greatly pleased with you.
You visited 2 branches of the dungeon, and saw 11 of its levels.
You also visited: Bailey.

You collected 558 gold pieces.
You spent 417 gold pieces at shops.

Inventory:

Hand Weapons
 a - a +7 vorpal arbalest (weapon)
 b - a +1 dagger of venom
 E - the +6 quarterstaff of Dithmenos's Hatred {flame, Dex+2}
   (You found it on level 8 of the Dungeon)

   It burns those it strikes, dealing additional fire damage.
   Dex:       It affects your dexterity (+2).
Missiles
 d - 103 bolts (quivered ammo)
Armour
 c - a +1 ring mail of willpower (worn)
 k - a +1 cloak of poison resistance (worn)
Jewellery
 i - an amulet of guardian spirit (around neck)
 j - a ring of see invisible (left hand)
 s - a ring of positive energy (right hand)
 D - a ring of fire
Wands
 g - a wand of polymorph (4)
 h - a wand of digging (5)
 p - a wand of mindburst (3)
 u - a wand of iceblast (11)
 x - a wand of acid (5)
 y - a wand of flame (27)
 I - a wand of paralysis (3)
Scrolls
 e - a scroll of teleportation
 l - a scroll of fear
 o - 3 scrolls of vulnerability
 q - a scroll of identify
 v - a scroll of brand weapon {unknown}
 w - a scroll of torment {unknown}
 F - a scroll of immolation {unknown}
Potions
 f - 2 potions of ambrosia
 m - 3 potions of curing
 n - 6 potions of brilliance
 r - 6 potions of might
 t - a potion of flight
 z - 6 potions of invisibility
 B - 2 potions of resistance
 C - 3 potions of magic
 G - a potion of mutation
 H - a potion of haste
 J - a potion of cancellation {unknown}


   Skills:
 - Level 6.0 Fighting
 - Level 4.0 Short Blades
 + Level 15.8 Crossbows
 - Level 2.4 Dodging
 - Level 5.0 Stealth
 - Level 8.0 Invocations


You had 10 spell levels left.
You didn't know any spells.
Your spell library contained the following spells:

 Spells                   Type           Power      Damage    Failure   Level
 Sandblast                Erth           0%         2d4       56%         1
 Ensorcelled Hibernation  Hex/Ice        0%         N/A       71%         2
 Passwall                 Tmut/Erth      0%         N/A       71%         2
 Static Discharge         Conj/Air       0%         N/A       71%         2
 Spider Form              Tmut/Pois      0%         N/A       90%         3
 Stone Arrow              Conj/Erth      0%         3d7       90%         3
 Swiftness                Air            0%         N/A       90%         3
 Dispel Undead            Necr           0%         3d6       100%        4
 Petrify                  Tmut/Erth      0%         N/A       100%        4
 Sticky Flame             Conj/Fire      0%         2d3       100%        4
 Metabolic Englaciation   Hex/Ice        0%         N/A       100%        5
 Statue Form              Tmut/Erth      0%         N/A       100%        6


Dungeon Overview and Level Annotations

Branches:
Dungeon (10/15)            Temple (1/1) D:6             Orc (0/2) D:9
 Bailey (visited)
   Lair: D:8-11

Altars:
Ashenzari
Cheibriados
Dithmenos
Elyvilon
Fedhas
Gozag
Hepliaklqana
Kikubaaqudgha
Makhleb
Nemelex Xobeh
Okawaru
Qazlal
Ru
Sif Muna
Trog
Uskayaw
Vehumet
Wu Jian
Xom
Yredelemnul
Zin
The Shining One
Beogh

Shops:
D:3 (   D:8 *!!


Innate Abilities, Weirdness & Mutations

You are small and have problems with some larger weapons.
You are completely attuned to the shadows.


Message History

The yak is heavily wounded.
The yak closely misses you.
You shoot a bolt.
The bolt hits the yak but does no damage.
The yak is heavily wounded.
The yak closely misses you. The yak barely misses you.
You shoot a bolt. The bolt barely misses the yak.
The yak closely misses you.
You shoot a bolt. The bolt closely misses the yak.
The yak gores you. The yak gores you!
You shoot a bolt. The bolt hits the yak.
The yak is heavily wounded.
The yak barely misses you. The yak gores you.
You shoot a bolt.
The bolt hits the yak but does no damage.
The yak is heavily wounded.
The yak completely misses you. x2; The yak gores you but does no damage.
You shoot a bolt. The bolt hits the yak.
The yak is severely wounded.
The yak gores you. The yak closely misses you. The yak barely misses you.
You shoot a bolt. The bolt barely misses the yak.
The yak closely misses you. The yak gores you! The yak closely misses you.
The yak gores you!
You shoot a bolt. The bolt hits the yak!!
You kill the yak!
Okawaru accepts your kill. The yak gores you. The yak barely misses you.
The yak gores you!
There is a stone staircase leading up here.
The yak gores you. The yak gores you!
* * * LOW HITPOINT WARNING * * *
You climb upwards.
There is a stone staircase leading down here.
The yak gores you.
* * * LOW HITPOINT WARNING * * *
The yak gores you.
* * * LOW HITPOINT WARNING * * *
You feel much better. The yak gores you.
* * * LOW HITPOINT WARNING * * *
The yak gores you!
* * * LOW HITPOINT WARNING * * *
The yak gores you!
You die...

#...# ###.# ############
#.# #..........# #.#
#...<......# #.#
#..........# #.#
#..........# #######.#
#..........#####.....#.##
#.......@..'.............
#.....YY...####...##.#...
#..........# #...##.####
#..........####...##.....
#.....>................##
##############.#.....#.#.
#.#......... #.##.##.#...
#.#.....#.(#


You could see 2 yaks.

Vanquished Creatures
  The ghost of GenialerGandalf the Cleaver, a novice HOFi of Beogh (D:8)
  A two-headed ogre (D:7)
  The ghost of anet the Covert, a novice GnBr of Ashenzari (D:6)
  2 centaur zombies
  Joseph (D:8)
  A shadow (D:9)
  A wraith (D:7)
  A wyvern (D:9)
  5 yaks
  A water moccasin (D:6)
  An ice beast (D:7)
  6 orc warriors
  A hornet zombie (D:8)
  An ogre (D:5)
  A necrophage (D:6)
  A phantom (D:7)
  2 centaurs
  2 bullfrogs (D:6)
  A kobold brigand (D:7)
  A gnoll sergeant (D:9)
  3 scorpions
  2 water moccasin skeletons
  An electric eel (D:10)
  A howler monkey (D:8)
  2 vampire bats (D:7)
  A bullfrog zombie (D:6)
  A gnoll shaman (D:8)
  A hound (D:4)
  A jelly (D:7)
  A bullfrog skeleton (D:5)
  8 orc priests
  Ijyb (D:3)
  5 iguanas
  3 orc wizards
  2 killer bee zombies
  2 hound skeletons
  20 gnolls
  5 adders
  A howler monkey skeleton (D:5)
  3 shadow imps
  A white imp (D:6)
  A worm (D:4)
  67 orcs
  8 ball pythons
  A bat skeleton (D:7)
  5 bat zombies (D:7)
  3 endoplasms
  2 giant cockroaches
  7 goblins
  5 hobgoblins
  5 quokkas
  7 bats
  5 frilled lizards
  16 kobolds
  5 rats
234 creatures vanquished.

Vanquished Creatures (others)
  4 fungi (D:3)
  A plant (D:5)
5 creatures vanquished.

Grand Total: 239 creatures vanquished

Notes
Turn   | Place    | Note
-------+----------+-------------------------------------------
     0 | D:1      | Deminshera the Kobold Hunter began the quest for the Orb.
     0 | D:1      | Reached XP level 1. HP: 12/12 MP: 1/1
    36 | D:1      | Found a faded altar of an unknown god.
    73 | D:1      | Reached skill level 5 in Crossbows
   114 | D:1      | Reached XP level 2. HP: 17/17 MP: 2/2
   528 | D:1      | Reached XP level 3. HP: 21/21 MP: 3/3
  1226 | D:2      | Reached XP level 4. HP: 26/26 MP: 4/4
  2121 | D:3      | Found Laec Zele's Weapon Shop.
  2122 | D:3      | Noticed Ijyb
  2130 | D:3      | Killed Ijyb
  2131 | D:3      | Reached skill level 1 in Short Blades
  2131 | D:3      | Reached skill level 6 in Crossbows
  2131 | D:3      | Reached XP level 5. HP: 26/30 MP: 5/5
  2706 | D:3      | Found a burning altar of Makhleb.
  2708 | D:3      | Noticed a green death
  2709 | D:3      | Noticed a ynoxinul
  2709 | D:3      | Noticed a ynoxinul
  2757 | D:3      | Reached skill level 5 in Stealth
  2764 | D:3      | Reached XP level 6. HP: 8/35 MP: 6/6
  3634 | D:4      | Found an iron altar of Okawaru.
  3646 | D:4      | Became a worshipper of Warmaster Okawaru
  3656 | D:4      | Reached skill level 7 in Crossbows
  3722 | D:4      | Found a hazy altar of Hepliaklqana.
  3723 | D:4      | Found a shimmering altar of Xom.
  3724 | D:4      | Noticed a spectral ugly thing
  4066 | D:4      | Reached XP level 7. HP: 7/41 MP: 7/7
  4734 | D:5      | Entered Level 5 of the Dungeon
  5305 | D:5      | Found a bloodstained altar of Trog.
  5315 | D:5      | Reached * piety under Okawaru
  5316 | D:5      | Reached skill level 8 in Crossbows
  5363 | D:5      | Found a glowing silver altar of Zin.
  5392 | D:5      | Reached XP level 8. HP: 48/48 MP: 8/8
  5656 | D:5      | Found a glowing golden altar of the Shining One.
  6266 | D:6      | Reached skill level 5 in Fighting
  6266 | D:6      | Reached skill level 1 in Invocations
  6400 | D:6      | Found a runed translucent door.
  6429 | D:6      | Found a staircase to the Ecumenical Temple.
  6496 | D:6      | Found a blossoming altar of Fedhas.
  7308 | D:6      | Reached skill level 9 in Crossbows
  7333 | D:6      | Reached skill level 5 in Invocations
  7333 | D:6      | Reached XP level 9. HP: 12/55 MP: 10/12
  7755 | D:6      | Noticed anet's ghost (novice GnBr)
  7797 | D:6      | Killed anet's ghost
  7797 | D:6      | Reached ** piety under Okawaru
  8093 | Temple   | Entered the Ecumenical Temple
  8502 | D:3      | Bought a +3 vorpal arbalest for 237 gold pieces
  9121 | D:7      | Found an ancient bone altar of Kikubaaqudgha.
  9292 | D:7      | Reached skill level 10 in Crossbows
 10020 | D:7      | Reached XP level 10. HP: 45/60 MP: 9/15
 10226 | D:8      | Found Xiskoesk's Distillery.
 10292 | D:8      | Reached skill level 11 in Crossbows
 10355 | D:8      | Found Veivejayni's Distillery.
 10492 | D:8      | Noticed Joseph
 10498 | D:8      | Killed Joseph
 10755 | D:8      | Found a runed translucent gate.
 10756 | D:8      | Found a runed translucent gate.
 10757 | D:8      | Found a runed translucent gate.
 10900 | D:8      | Noticed a two-headed ogre
 11073 | D:7      | Killed a two-headed ogre
 11073 | D:7      | Reached *** piety under Okawaru
 11074 | D:7      | Reached skill level 12 in Crossbows
 11321 | D:8      | Reached skill level 13 in Crossbows
 11335 | D:8      | Identified the +6 quarterstaff of Dithmenos's Hatred
                  | {flame, Dex+2}
 11573 | D:8      | Found Toexae Syho's General Store.
 11579 | D:8      | Bought 2 scrolls of enchant weapon for 180 gold pieces
 11688 | D:8      | Noticed GenialerGandalf's ghost (novice HOFi)
 11719 | D:8      | Killed GenialerGandalf's ghost
 11842 | D:9      | Reached skill level 14 in Crossbows
 11851 | D:9      | Reached **** piety under Okawaru
 12076 | D:9      | Reached XP level 11. HP: 25/64 MP: 4/17
 12232 | D:9      | Found a flagged portal.
 12239 | Bailey   | Entered a bailey
 12634 | Bailey   | Reached skill level 15 in Crossbows
 12808 | Bailey   | Gained mutation: You possess an exceptional clarity of
                  | mind. [potion of mutation]
 12808 | Bailey   | Gained mutation: You are weak. (Str -2) [potion of
                  | mutation]
 12808 | Bailey   | Gained mutation: You have large cloven feet. [potion of
                  | mutation]
 12809 | Bailey   | Lost mutation: You have large cloven feet. [potion of
                  | mutation]
 12809 | Bailey   | Lost mutation: You possess an exceptional clarity of mind.
                  | [potion of mutation]
 12809 | Bailey   | Lost mutation: You are weak. (Str -2) [potion of mutation]
 13455 | D:9      | Found a staircase to the Orcish Mines.
 13761 | D:9      | Received a gift from Okawaru
 14097 | D:10     | Entered Level 10 of the Dungeon
 14151 | D:9      | Slain by a yak

Illustrated notes

Levels and vault maps discovered:
D:1:      lightli_arrival_quake, layout_basic, ebering_ecumenical_altar_webs
D:2:      layout_rooms
D:3:      layout_basic, makhleb_altar_promises_db, serial_shops,
          nicolae_shop_bloodbath_and_beyond, uniq_crazy_yiuf_cottage, uniq_ijyb
D:4:      layout_basic, regret_index_temple_of_mockery,
          overflow_temple_1_default
D:5:      layout_cave_pods, marbit_many_paths,
          mainiacjoe_overflow_small_starburst, tso_oasis_becter
D:6:      layout_basic, fedhas_altar_3, minmay_temple_entry_waves,
          ebering_ghost_reflecting_pool
D:7:      layout_basic, kennysheep_vampire_church
D:8:      layout_loops_ring, serial_shops, shop_statue, shop_statue, shop, shop,
          biasface_ghost_orc_armoury, uniq_joseph
D:9:      layout_basic, hiddenorc1_lemuel, enter_bailey_2, special_room
          [special_room_orc], chequers_serial_rivers_micro_a, abandoned_shop
D:10:     layout_big_octagon, chequers_jeans
Temple:   oiseaux_autumnal_temple

Skill      XL: |  1  2  3  4  5  6  7  8  9 10 11 |
---------------+----------------------------------+-----
Crossbows      | 5 6 7 8 9 10 14 15 | 15.8
Stealth        | 2 3 4 5 |  5.0
Short Blades   | 1 2 4 |  4.0
Fighting       | 3 4 6 |  6.0
Invocations    | 5 7 8 |  8.0
Dodging        | |  2.4

Action                   |  1- 3 |  4- 6 |  7- 9 | 10-12 || total
-------------------------+-------+-------+-------+-------++-------
Melee: Dagger            |    10 |    62 |    27 |     8 ||   107
 Fire: Hand crossbow     |    51 |    70 |   115 |       ||   236
       Arbalest          |       |       |    61 |   210 ||   271
Invok: Heroism           |       |       |     6 |     6 ||    12
  Use: Potion            |       |       |     2 |     8 ||    10
       Scroll            |       |       |    14 |     7 ||    21
 Stab: Sleeping          |       |     7 |       |       ||     7
Armor: Leather armour    |     5 |    22 |    26 |    13 ||    66
       Ring mail         |       |       |       |     3 ||     3
Dodge: Dodged            |    13 |    71 |   102 |   105 ||   291
Block: Buckler           |       |       |    25 |       ||    25

Table legend: (Time is in decaauts)
 A = Elapsed time spent in this place.
 B = Non-inter-level travel time spent in this place.
 C = Inter-level travel time spent in this place.
 D = Time resting spent in this place.
 E = Time spent auto-exploring this place.
 F = Levels seen in this place.
 G = Mean time per level.
                   A        B        C        D        E       F      G
               +--------+--------+--------+--------+--------+-----+--------+
         Total |  14235 |  13508 |    727 |   4231 |   7297 |  12 | 1186.2 |
       Dungeon |  13298 |  12602 |    696 |   4062 |   6744 |  10 | 1329.8 |
        Temple |    348 |    317 |     31 |      0 |    303 |   1 |  348.0 |
        Bailey |    588 |    588 |      0 |    169 |    250 |   1 |  588.0 |
               +--------+--------+--------+--------+--------+-----+--------+

Top non-repeatable levels by time:
     D:6: 2012 daAuts
     D:3: 1956 daAuts
     D:7: 1586 daAuts
     D:5: 1564 daAuts
     D:8: 1509 daAuts
     D:4: 1443 daAuts
     D:9: 1415 daAuts
     D:1: 905 daAuts
     D:2: 855 daAuts
  Bailey: 588 daAuts
  Temple: 348 daAuts
    D:10: 50 daAuts
